 Dungeon Crawl Stone Soup version 0.30-a0-748-ge6a52f7cba (webtiles) character file.

Game seed: 8964475999361060589

68108 grom234 the Warrior (level 15, -2/132 HPs)
             Began as a Formicid Fighter on Feb 8, 2023.
             Was a High Priest of Okawaru.
             Slain by an anaconda (3 damage)
             ... on level 1 of the Snake Pit.
             The game lasted 00:33:35 (21294 turns).

grom234 the Warrior (Formicid Fighter)             Turns: 21294, Time: 00:33:37

Health: -2/132     AC: 25    Str: 34    XL:     15   Next: 68%
Magic:  21/23      EV:  6    Int:  6    God:    Okawaru [*****.]
Gold:   1646       SH: 14    Dex: 13    Spells: 14/14 levels left

rFire   . . .      SeeInvis +    A - +1 war axe (heavy)
rCold   + + .      Faith    .    c - +0 buckler
rNeg    . . .      Spirit   .    o - +2 gold dragon scales
rPois   +          Reflect  +    (helmet unavailable)
rElec   +          Harm     .    H - scarf {repulsion}
rCorr   .          Rampage  .    (no gloves)
Will    ++...                    m - +0 pair of boots Stlth
                                 e - amulet of reflection
HPRegen 0.42/turn                k - ring of protection from cold
MPRegen 0.18/turn                i - ring of Wumuacim {rElec Will+ Str+6 Int-2}

@: heroic, constricted, repel missiles
A: permanent stasis, dig shafts and tunnels, antennae 3, four strong arms,
talons 1, deterioration 1, heat vulnerability 1
a: Dig, Shaft Self, Renounce Religion, Heroism, Finesse, Duel


You were on level 1 of the Snake Pit.
You worshipped Okawaru.
Okawaru was extremely pleased with you.
You visited 4 branches of the dungeon, and saw 18 of its levels.
You also visited: Bailey.

You collected 1646 gold pieces.

Inventory:

Hand Weapons
 a - a +2 whip of venom
 A - a +1 heavy war axe (weapon)
Missiles
 J - 2 throwing nets
Armour
 c - a +0 buckler (worn)
 h - a +0 cloak
 m - a +0 pair of boots (worn)
 o - +2 gold dragon scales (worn)
 t - the +8 chain mail of the Stallion {-Cast Fly rCorr Dex+3}
   (You found it on level 7 of the Dungeon)

   Dex:       It affects your dexterity (+3).
   Fly:       It grants you flight.
   -Cast:     It prevents spellcasting.
   rCorr:     It protects you from acid and corrosion.
 H - a scarf of repulsion (worn)
Jewellery
 e - an amulet of reflection (around neck)
 i - the ring of Wumuacim (right hand) {rElec Will+ Str+6 Int-2}
   (You found it on level 9 of the Dungeon)

   [ring of strength]

   Str:       It affects your strength (+6).
   Int:       It affects your intelligence (-2).
   rElec:     It insulates you from electricity.
   Will:      It increases your willpower.
 k - a ring of protection from cold (left hand)
 r - a ring of flight
Wands
 l - a wand of flame (25)
 s - a wand of light (9)
 F - a wand of mindburst (6)
 I - a wand of digging (4)
 K - a wand of iceblast (11)
Scrolls
 b - 7 scrolls of identify
 d - a scroll of torment
 f - 4 scrolls of noise
 g - 5 scrolls of enchant weapon
 x - 3 scrolls of fog
 y - 3 scrolls of amnesia
 B - 2 scrolls of fear
 C - 4 scrolls of blinking
 D - a scroll of poison
 G - a scroll of silence
 M - a scroll of enchant armour
Potions
 j - 3 potions of lignification
 n - 5 potions of degeneration
 p - a potion of mutation
 q - a potion of invisibility
 u - 2 potions of attraction
 v - 2 potions of curing
 w - 2 potions of brilliance
 z - 3 potions of flight
 E - a potion of might
 L - 3 potions of ambrosia


   Skills:
 * Level 16.5(21.5) Fighting
 * Level 14.1(19.1) Axes
 + Level 12.1(17.1) Armour
 + Level 14.3(19.3) Shields
 + Level 10.7 Invocations


You had 14 spell levels left.
You didn't know any spells.
Your spell library contained the following spells:

 Spells                   Type           Power      Damage    Failure   Level
 Frozen Ramparts          Ice            0%         1d1       100%        3
 Gell's Gravitas          Tloc           0%         N/A       100%        3
 Hailstorm                Conj/Ice       0%         3d3       100%        3
 Kindle Blastsparks       Fire/Tloc/Air  0%         2d10      100%        3
 Ozocubu's Armour         Ice            0%         N/A       100%        3
 Teleport Other           Tloc           0%         N/A       100%        3
 Fulminant Prism          Conj/Hex       0%         3d5       100%        4
 Ice Form                 Ice/Tmut       0%         N/A       100%        4
 Iskenderun's Mystic Bla  Conj/Tloc      0%         2d3       100%        4
 Passage of Golubria      Tloc           0%         N/A       100%        4
 Blade Hands              Tmut           0%         N/A       100%        5
 Lee's Rapid Deconstruct  Erth           0%         3d4*      100%        5
 Yara's Violent Unravell  Hex/Tmut       0%         3d3       100%        5
 Dispersal                Tloc           0%         N/A       100%        6
 Iron Shot                Conj/Erth      0%         9d1       100%        6
 Ozocubu's Refrigeration  Ice            0%         4d7       100%        7
 Summon Small Mammal      Summ           Unusable   N/A       N/A         1
 Call Canine Familiar     Summ           Unusable   N/A       N/A         3
 Summon Guardian Golem    Hex/Summ       Unusable   N/A       N/A         3
 Tukima's Dance           Hex            Unusable   N/A       N/A         3
 Animate Armour           Summ/Erth      Unusable   N/A       N/A         4
 Summon Ice Beast         Ice/Summ       Unusable   N/A       N/A         4
 Simulacrum               Ice/Necr       Unusable   N/A       N/A         6

Dungeon Overview and Level Annotations

Branches:
Dungeon (11/15)            Temple (1/1) D:6            Lair (5/5) D:11
  Swamp (0/4) Lair:2        Snake (1/4) Lair:2        Slime (0/5) Lair:4
    Orc (0/2) D:11         Bailey (visited)

Altars:
Ashenzari
Cheibriados
Dithmenos
Elyvilon
Fedhas
Gozag
Hepliaklqana
Kikubaaqudgha
Makhleb
Nemelex Xobeh
Okawaru
Qazlal
Ru
Sif Muna
Trog
Uskayaw
Vehumet
Wu Jian
Xom
Yredelemnul
Zin
The Shining One
Jiyva

Shops:
D:3 *   D:10 **   Snake:1 (=


Innate Abilities, Weirdness & Mutations

You cannot be hasted, slowed, berserked, paralysed or teleported.
You can dig through walls and to a lower floor.
You have a pair of large antennae on your head. (SInv)
Your four strong arms can wield two-handed weapons with a shield.
You have sharp toenails.
Your body sometimes deteriorates upon taking damage.
You are vulnerable to heat. (rF-)


Message History

The anaconda constricts you. You block the anaconda's attack.
The anaconda constricts you.
You hit the anaconda.
The anaconda is almost dead.
The anaconda bites you!
* * * LOW HITPOINT WARNING * * *
The anaconda constricts you. The anaconda bites you!
* * * LOW HITPOINT WARNING * * *
The anaconda constricts you.
You miss the anaconda.
The anaconda is severely wounded.
The anaconda bites you but does no damage.
The anaconda constricts you.
* * * LOW HITPOINT WARNING * * *
The anaconda bites you!
* * * LOW HITPOINT WARNING * * *
The anaconda constricts you. The anaconda bites you.
* * * LOW HITPOINT WARNING * * *
The anaconda constricts you.
* * * LOW HITPOINT WARNING * * *
You feel better.
The anaconda bites you but does no damage.
The anaconda constricts you.
* * * LOW HITPOINT WARNING * * *
You gain the combat prowess of a mighty hero.
The anaconda bites you!
* * * LOW HITPOINT WARNING * * *
The anaconda constricts you. The anaconda bites you.
* * * LOW HITPOINT WARNING * * *
The anaconda constricts you.
You feel better. You block the anaconda's attack. The anaconda constricts you.
* * * LOW HITPOINT WARNING * * *
The anaconda bites you but does no damage.
The anaconda constricts you.
You closely miss the anaconda.
The anaconda is severely wounded.
The anaconda bites you!
* * * LOW HITPOINT WARNING * * *
The anaconda constricts you. The anaconda bites you.
You die...

..............##....#
.................##..##
................##....##
...........##...##......
........#####..######...
#.....####......# #.##
#...#.........# #.#
#...........######.##
.##.S@...............#
..)...........##.......#
...#..#.......##).......
. ##.##.....###†.......
# #.....##.........
##...###.........
##...#..........
###............
##..........#


You could see an anaconda.

Vanquished Creatures
  2 hydras
  A catoblepas (Lair:4)
  2 anacondas (Snake:1)
  10 death yaks
  3 naga sharpshooters (Snake:1)
  A shock serpent (Snake:1)
  A bog body (Lair:2)
  2 lindwurms
  An oklob plant (Lair:4)
  An orc knight (Bailey)
  2 salamanders (Snake:1)
  A wolf spider (Lair:5)
  A guardian serpent (Lair:5)
  15 black mambas
  2 naga magi (Snake:1)
  14 elephants
  4 rime drakes
  19 cane toads
  4 komodo dragons
  2 trolls
  2 polar bears
  Prince Ribbit (D:8)
  28 blink frogs
  5 hornets
  16 dream sheep
  A shadow (D:11)
  13 wyverns
  Sigmund (D:3)
  A wraith (D:11)
  71 yaks
  2 basilisks
  2 redbacks (Lair:5)
  A steam dragon (D:9)
  4 vampire mosquitoes (D:11)
  2 wargs (D:11)
  8 nagas
  27 water moccasins
  2 ice beasts
  4 black bears
  8 orc warriors
  3 sky beasts
  18 wolves
  4 boggarts (Lair:4)
  5 centaurs
  3 ogres
  A phantom (D:4)
  2 kobold brigands
  A gnoll sergeant (D:6)
  11 bullfrogs
  3 scorpions
  A necrophage (D:6)
  3 wights (D:7)
  29 killer bees
  2 electric eels (Lair:2)
  2 howler monkeys (D:11)
  3 jellies (D:5)
  2 hounds
  Crazy Yiuf (D:6)
  3 gnoll boudas
  13 orc priests
  5 iguanas
  6 orc wizards
  Terence (D:3)
  Robin (D:3)
  4 adders
  15 gnolls
  2 ufetubi
  8 worms
  6 dart slugs
  65 orcs
  7 ball pythons
  3 endoplasms
  6 giant cockroaches
  24 goblins
  13 hobgoblins
  4 quokkas
  11 bats
  5 frilled lizards (D:1)
  19 kobolds
  10 rats
  A bush (Lair:4)
613 creatures vanquished.

Vanquished Creatures (others)
  45 fungi
  80 plants
  5 toadstools (D:5)
130 creatures vanquished.

Grand Total: 743 creatures vanquished

Notes
Turn   | Place    | Note
-------+----------+-------------------------------------------
     0 | D:1      | grom234 the Formicid Fighter began the quest for the Orb.
     0 | D:1      | Reached XP level 1. HP: 18/18 MP: 1/1
   106 | D:1      | Reached XP level 2. HP: 19/24 MP: 2/2
   285 | D:1      | Reached XP level 3. HP: 29/30 MP: 3/3
   711 | D:2      | Reached skill level 4 in Fighting
   726 | D:2      | Reached XP level 4. HP: 28/37 MP: 4/4
   987 | D:2      | Found a faded altar of an unknown god.
  1141 | D:2      | Reached XP level 5. HP: 42/43 MP: 5/5
  1429 | D:3      | Noticed Robin
  1443 | D:3      | Killed Robin
  1594 | D:3      | Reached skill level 5 in Shields
  1668 | D:3      | Noticed Terence
  1674 | D:3      | Killed Terence
  1834 | D:3      | Noticed Sigmund
  1840 | D:3      | Found a radiant altar of Vehumet.
  1846 | D:3      | Killed Sigmund
  1847 | D:3      | Reached skill level 5 in Fighting
  1847 | D:3      | Reached XP level 6. HP: 51/51 MP: 6/6
  1893 | D:3      | Found Nyige Ela's General Store.
  2103 | D:3      | Reached XP level 7. HP: 28/56 MP: 7/7
  2123 | D:3      | HP: 2/57 [gnoll/+0 halberd (11)]
  2677 | D:4      | Reached skill level 6 in Fighting
  2699 | D:4      | Reached skill level 5 in Armour
  2974 | D:4      | Reached XP level 8. HP: 60/65 MP: 8/8
  3382 | D:5      | Entered Level 5 of the Dungeon
  3714 | D:5      | Reached skill level 7 in Fighting
  4880 | D:6      | Noticed a hornet
  4889 | D:6      | Killed a hornet
  4890 | D:6      | Reached skill level 8 in Fighting
  4890 | D:6      | Reached skill level 5 in Axes
  4890 | D:6      | Reached XP level 9. HP: 54/74 MP: 9/9
  5029 | D:6      | Found an opulent altar of Gozag.
  5029 | D:6      | Found a glowing silver altar of Zin.
  5559 | D:6      | Reached skill level 9 in Fighting
  5566 | D:6      | Found a staircase to the Ecumenical Temple.
  5653 | Temple   | Entered the Ecumenical Temple
  5653 | Temple   | Found a transporter.
  5653 | Temple   | Found a transporter.
  5683 | Temple   | Found a transporter.
  5683 | Temple   | Found a transporter.
  5879 | D:6      | Found a runed translucent door.
  5880 | D:6      | Noticed Crazy Yiuf
  5886 | D:6      | Killed Crazy Yiuf
  6447 | D:7      | Noticed a hornet
  6455 | D:7      | Killed a hornet
  6456 | D:7      | Reached XP level 10. HP: 68/83 MP: 10/10
  6653 | D:7      | Identified the +8 chain mail of the Stallion {-Cast Fly
                  | rCorr Dex+3}
  6718 | D:7      | Found a shadowy altar of Dithmenos.
  6726 | D:7      | Found an iron altar of Okawaru.
  6873 | D:7      | Became a worshipper of Warmaster Okawaru
  7161 | D:7      | Reached skill level 1 in Invocations
  7209 | D:7      | Reached skill level 10 in Fighting
  7324 | D:8      | Noticed Prince Ribbit
  7331 | D:8      | Killed Prince Ribbit
  7372 | D:8      | Reached * piety under Okawaru
  7670 | D:8      | Found a hazy altar of Hepliaklqana.
  7682 | D:8      | Found a broken altar of Ashenzari.
  7815 | D:8      | Found an ornate altar of the Wu Jian Council.
  7815 | D:8      | Found a white marble altar of Elyvilon.
  7852 | D:9      | Found a flagged portal.
  7865 | Bailey   | Entered a bailey
  7927 | Bailey   | Noticed an orc knight
  8202 | Bailey   | Killed an orc knight
  8228 | Bailey   | Gained mutation: You are vulnerable to heat. (rF-) [potion
                  | of mutation]
  8228 | Bailey   | Gained mutation: Your body sometimes deteriorates upon
                  | taking damage. [potion of mutation]
  8228 | Bailey   | Gained mutation: You have sharp toenails. [potion of
                  | mutation]
  8333 | Bailey   | Reached ** piety under Okawaru
  8696 | D:9      | Reached XP level 11. HP: 73/92 MP: 13/13
  8867 | D:9      | Identified the ring of Wumuacim {rElec Will+ Str+6 Int-2}
  8952 | D:9      | Reached skill level 11 in Fighting
  9477 | D:10     | Entered Level 10 of the Dungeon
  9490 | D:10     | Reached *** piety under Okawaru
  9500 | D:10     | Reached skill level 10 in Shields
  9800 | D:10     | Found Xirepn's Specific Store.
  9803 | D:10     | Found Wewe Dum's General Store.
 10257 | D:10     | Reached **** piety under Okawaru
 10675 | D:10     | Reached skill level 5 in Invocations
 10998 | D:11     | Reached skill level 12 in Fighting
 11078 | D:11     | Reached XP level 12. HP: 97/102 MP: 13/16
 11426 | D:11     | Found a staircase to the Orcish Mines.
 11490 | D:11     | Found a staircase to the Lair.
 12148 | Lair:1   | Entered Level 1 of the Lair of Beasts
 12297 | Lair:1   | Reached skill level 10 in Axes
 12314 | Lair:1   | Reached ***** piety under Okawaru
 12568 | Lair:1   | Noticed a death yak
 12597 | Lair:1   | Killed a death yak
 12794 | Lair:1   | Reached skill level 13 in Fighting
 12841 | Lair:1   | Noticed a death yak
 12841 | Lair:1   | Noticed a death yak
 12841 | Lair:1   | Noticed a death yak
 12847 | Lair:1   | Noticed a death yak
 12850 | Lair:1   | Killed a death yak
 12856 | Lair:1   | Killed a death yak
 12863 | Lair:1   | Killed a death yak
 12864 | Lair:1   | Killed a death yak
 12876 | Lair:1   | Reached XP level 13. HP: 78/111 MP: 12/18
 13227 | Lair:1   | Identified the +0 chain mail of Summer {rElec rN+++ Str-5
                  | SInv Stlth-} (Okawaru gifted it to you on level 1 of the
                  | Lair of Beasts)
 13227 | Lair:1   | Received a gift from Okawaru
 13558 | Lair:2   | Reached skill level 10 in Armour
 13870 | Lair:2   | Reached skill level 14 in Fighting
 13999 | Lair:2   | Found a staircase to the Swamp.
 14669 | Lair:2   | Found a staircase to the Snake Pit.
 15165 | Lair:3   | Received a gift from Okawaru
 15179 | Lair:3   | Reached XP level 14. HP: 63/121 MP: 12/20
 16494 | Lair:4   | Received a gift from Okawaru
 16768 | Lair:4   | Reached skill level 15 in Fighting
 16888 | Lair:4   | Found a staircase to the Slime Pits.
 16888 | Lair:4   | Found a viscous altar of Jiyva.
 17806 | Lair:5   | Entered Level 5 of the Lair of Beasts
 18681 | Lair:5   | Reached XP level 15. HP: 93/130 MP: 14/22
 18709 | Lair:5   | Reached skill level 10 in Invocations
 18981 | Lair:5   | Reached skill level 16 in Fighting
 20016 | Lair:5   | Identified the +0 robe of Relativism {rN+ Str-4 Stlth+
                  | Archmagi} (Okawaru gifted it to you on level 5 of the Lair
                  | of Beasts)
 20016 | Lair:5   | Received a gift from Okawaru
 20255 | Snake:1  | Entered Level 1 of the Snake Pit
 20728 | Snake:1  | Found Vooci's Weapon Shop.
 20733 | Snake:1  | Found Hecvom's Jewellery Shop.
 21292 | Snake:1  | HP: 5/132 [anaconda (5)]
 21294 | Snake:1  | HP: 1/132 [anaconda (9)]
 21294 | Snake:1  | Slain by an anaconda

Illustrated notes

Levels and vault maps discovered:
D:1:      saegor_arrival_simple_c, layout_basic, corner_web_ring,
          serial_bayou_lagoon_b
D:2:      layout_rooms, hellmonk_ecumenical_altar_slurped_away, minmay_tripent
D:3:      minmay_skewed_foursquare, layout_loops_ring,
          overflow_temple_1_default, serial_shops, shop_fountains,
          chequers_serial_rivers_room_a, uniq_sigmund, uniq_robin, uniq_terence
D:4:      layout_loops_ring, minmay_quadrilaterals
D:5:      layout_layer_cave, grunt_ministairs_15, minmay_gold_behind_fungi
D:6:      layout_loops_cross, grunt_temple_overflow_gold_and_silver,
          minmay_temple_entry_glassed_door, uniq_crazy_yiuf_cottage
D:7:      layout_loops_cross, mainiacjoe_overflow_big_doors
D:8:      layout_cave_pools, grunt_temple_overflow_open,
          gammafunk_temple_overflow_elements, minivault_25, uniq_prince_ribbit1
D:9:      layout_stronghold, enter_bailey_5, dreamdust_gnoll_shepherd
D:10:     layout_basic, nicolae_specific_store
D:11:     layout_basic, erik_lair_orcish_takeover, hiddenorc1_lemuel
Temple:   hellmonk_temple_divided_pantheon
Lair:1:   layout_regular_city, hangedman_lair_unloving_vines
Lair:2:   layout_chaotic_city, skrybe_swamp_entry_bodies,
          nicolae_snake_entry_squirm, serial_bayou_shore_a, lemuel_fruit_tree
Lair:3:   layout_cave_pods
Lair:4:   layout_big_grid, slime_entry_1, minmay_lair_oklob_bushes,
          kilobyte_rumbling_trees, lemuel_fruit_fields
Lair:5:   hangedman_lair_tendril_chambers, layout_small_grid,
          infiniplex_staircase_pool_2
Snake:1:  layout_chambers, minmay_shop_star

Skill      XL: |  1  2  3  4  5  6  7  8  9 10 11 12 13 14 15 |
---------------+----------------------------------------------+-----
Fighting       | 4 5 6 8 9 10 12 13 14 15 16 | 16.5
Armour         | 4 5 6 7 8 9 10 11 12 | 12.1
Axes           | 3 4 5 6 8 9 10 12 13 14 | 14.1
Shields        | 5 6 7 8 9 10 11 12 13 14 | 14.3
Invocations    | 3 5 7 8 9 10 | 10.7

Action                     |  1- 3 |  4- 6 |  7- 9 | 10-12 | 13-15 || total
---------------------------+-------+-------+-------+-------+-------++-------
  Melee: War axe           |   144 |   120 |   253 |   473 |   631 ||  1621
         Whip              |       |       |       |       |    15 ||    15
 Invoke: Heroism           |       |       |       |     8 |    13 ||    21
         Finesse           |       |       |       |     3 |     8 ||    11
Ability: Dig               |       |       |       |       |     1 ||     1
    Use: Potion            |       |     2 |     4 |    11 |     3 ||    20
         Scroll            |       |     8 |     6 |     1 |     6 ||    21
 Armour: Scale mail        |    88 |     4 |       |       |       ||    92
         Plate armour      |       |    78 |   121 |    11 |       ||   210
         Chain mail        |       |       |       |    86 |     3 ||    89
         Gold dragon scale |       |       |       |   247 |   387 ||   634
  Dodge: Dodged            |    82 |    40 |    64 |   180 |   152 ||   518
         Repelled          |       |       |       |       |     5 ||     5
  Block: Buckler           |    38 |    35 |   140 |   413 |   467 ||  1093
         Reflection        |       |       |     3 |    10 |    10 ||    23

Table legend: (Time is in decaauts)
 A = Elapsed time spent in this place.
 B = Non-inter-level travel time spent in this place.
 C = Inter-level travel time spent in this place.
 D = Time resting spent in this place.
 E = Time spent auto-exploring this place.
 F = Levels seen in this place.
 G = Mean time per level.
                   A        B        C        D        E       F      G
               +--------+--------+--------+--------+--------+-----+--------+
         Total |  21836 |  21263 |    573 |   2504 |  14569 |  19 | 1149.3 |
       Dungeon |  11791 |  11359 |    432 |    740 |   8244 |  11 | 1071.9 |
        Temple |     65 |     65 |      0 |      0 |     35 |   1 |   65.0 |
          Lair |   8191 |   8051 |    140 |   1388 |   5287 |   5 | 1638.2 |
     Snake Pit |   1050 |   1050 |      0 |    143 |    759 |   1 | 1050.0 |
        Bailey |    737 |    737 |      0 |    233 |    244 |   1 |  737.0 |
               +--------+--------+--------+--------+--------+-----+--------+

Top non-repeatable levels by time:
  Lair:5: 2397 daAuts
  Lair:1: 1496 daAuts
  Lair:2: 1487 daAuts
     D:5: 1469 daAuts
  Lair:3: 1426 daAuts
    D:10: 1402 daAuts
  Lair:4: 1383 daAuts
    D:11: 1356 daAuts
     D:7: 1258 daAuts
     D:3: 1249 daAuts
     D:6: 1215 daAuts
 Snake:1: 1050 daAuts
     D:9: 959 daAuts
     D:4: 810 daAuts
     D:2: 764 daAuts
